 Dungeon Crawl Stone Soup version 0.24.0-37-gcf1ca852f1 (webtiles) character file.

Game seed: 13171092770961158579, levelgen mode: deterministic

105 Descartes the Skirmisher (level 5, 0/42 HPs)
             Began as a Formicid Abyssal Knight on Nov 22, 2019.
             Was a Believer of Lugonu.
             Succumbed to an adder's poison
             ... on level 2 of the Dungeon.
             The game lasted 00:09:25 (3235 turns).

Descartes the Skirmisher (Formicid Abyssal Knight)  Turns: 3235, Time: 00:09:26

Health: 0/42       AC:  3    Str: 17    XL:     5   Next: 8%
Magic:  7/7        EV: 11    Int: 12    God:    Lugonu [**....]
Gold:   30         SH:  0    Dex: 10    Spells: 6/6 levels left

rFire    . . .     SeeInvis +   a - +1 hand axe
rCold    . . .     Gourm    .   (no shield)
rNeg     . . .     Faith    .   b - +0 leather armour
rPois    .         Spirit   .   (helmet unavailable)
rElec    .         Reflect  .   (no cloak)
rCorr    .         Harm     .   (no gloves)
MR       .....                  (no boots)
Stlth    +.........             (no amulet)
HPRegen  0.14/turn              (no ring)
MPRegen  0.10/turn              (no ring)

@: lethally poisoned (0 -> -4)
A: permanent stasis, dig shafts and tunnels, four strong arms, antennae 3
a: Dig, Shaft Self, Depart the Abyss, Bend Space, Renounce Religion


You were on level 2 of the Dungeon.
You worshipped Lugonu.
Lugonu was pleased with you.
You were hungry.

You visited 1 branch of the dungeon, and saw 4 of its levels.
You visited the Abyss 1 time.

You collected 30 gold pieces.

Inventory:

Hand Weapons
 a - a +1 hand axe (weapon)
Missiles
 d - 63 stones (quivered)
 l - 13 poisoned darts
 m - 14 arrows
 o - 18 sling bullets
Armour
 b - a +0 leather armour (worn)
Scrolls
 h - a scroll of blinking {unknown}
 j - a scroll of fear {unknown}
 k - 2 scrolls of teleportation {unknown}
 q - a scroll of remove curse {unknown}
 r - a scroll of amnesia {unknown}
Potions
 e - a potion of cancellation {unknown}
 f - a potion of might {unknown}
 g - 3 potions of brilliance {unknown}
 i - a potion of degeneration {unknown}
 n - a potion of curing {unknown}
Comestibles
 c - 3 rations


   Skills:
 + Level 3.9 Fighting
 + Level 2.6 Axes
 + Level 2.9 Armour
 + Level 1.7 Dodging
 + Level 1.4 Spellcasting
 + Level 2.9 Invocations


You had 6 spell levels left.
You didn't know any spells.
Your spell library was empty.

Dungeon Overview and Level Annotations

Branches:
Dungeon (4/15)
 Temple: D:4-7

Altars:


Innate Abilities, Weirdness & Mutations

You cannot be hasted, slowed, berserked, paralysed or teleported.
You can dig through walls and to a lower floor.
Your four strong arms can wield two-handed weapons with a shield.
You have a pair of large antennae on your head. (SInv)


Message History

You hit the adder.
The adder is moderately wounded.
The adder bites you but does no damage. The adder bites you.
* * * LOW HITPOINT WARNING * * *
You closely miss the adder.
The adder is moderately wounded.
The adder bites you but does no damage.
You miss the adder.
The adder is moderately wounded.
The adder bites you.
* * * LOW HITPOINT WARNING * * *
You are lethally poisoned!
The adder poisons you! The adder closely misses you.
You miss the adder.
The adder is moderately wounded.
* * * LOW HITPOINT WARNING * * *
You feel sick. The adder bites you but does no damage.
You hit the adder.
The adder is moderately wounded.
You die...

..........# #. #####...#.# #.
# #...#.# ##### #. #
#...#.#####...# #.
#####.............# #.
).)....##.#####...# #.
######.##.# ##.## #. # #.##.#
#.# #. ######.##.# #@# #.
..........# #S# ## ######.####
#.###### ## ##.>.## #>.....#
.# #.....#######..###.# .#
#..............# #.# #### .#
#.....#######..###.########...
.####...## #........[........
..######## ##############.###


You could see an adder.

Vanquished Creatures
  Natasha (twice) (D:3 D:2)
  An ooze (D:2)
  A worm (D:2)
  2 dart slugs
  3 leopard geckos
  A giant cockroach (D:1)
  2 goblins
  5 hobgoblins
  2 quokkas (D:2)
  9 bats
  3 frilled lizards
  6 kobolds
  9 rats
46 creatures vanquished.

Notes
Turn   | Place    | Note
-------+----------+-------------------------------------------
     0 | Abyss:1  | Descartes the Formicid Abyssal Knight began the quest for
                  | the Orb.
     0 | Abyss:1  | Reached XP level 1. HP: 18/18 MP: 2/2
    78 | Abyss:1  | Noticed a tentacled starspawn
   106 | Abyss:1  | Noticed a large abomination
   107 | Abyss:1  | Noticed a thrashing horror
   119 | Abyss:1  | Noticed a sixfirhy
   155 | Abyss:1  | Noticed a small abomination
   155 | Abyss:1  | Noticed a small abomination
   174 | D:1      | Escaped the Abyss
   470 | D:1      | Reached * piety under Lugonu
   495 | D:1      | Reached skill level 1 in Dodging
   512 | D:1      | Reached XP level 2. HP: 24/24 MP: 3/3
  1369 | D:2      | Reached XP level 3. HP: 29/29 MP: 4/4
  2256 | D:2      | You fall into a shaft and drop 2 floors!
  2579 | D:2      | Reached ** piety under Lugonu
  2579 | D:2      | Reached XP level 4. HP: 37/37 MP: 5/5
  2774 | D:3      | Noticed Natasha
  2775 | D:3      | Reached skill level 1 in Spellcasting
  2787 | D:3      | Killed Natasha
  2839 | D:3      | Noticed Natasha
  3106 | D:2      | Killed Natasha
  3106 | D:2      | Reached XP level 5. HP: 30/42 MP: 7/7
  3233 | D:2      | HP: 2/42 [adder (2)]
  3235 | D:2      | Succumbed to an adder's poison

Levels and vault maps discovered:
D:1:      sevenhm_arrival_forest_fort_small_3, layout_basic
D:2:      layout_loops_ring
D:3:      layout_rooms, hangedman_glass_teeth, uniq_natasha
D:4:      layout_rooms, gammafunk_temple_overflow_wave

Skill      XL: |  1  2  3  4 |
---------------+-------------+-----
Dodging        | 1 |  1.7
Spellcasting   | 1 |  1.4
Fighting       | |  3.9
Axes           | |  2.6
Armour         | |  2.9
Invocations    | |  2.9

Action                   |  1- 3 |  4- 6 || total
-------------------------+-------+-------++-------
Melee: Hand axe          |   155 |    45 ||   200
Invok: Depart the Abyss  |     1 |       ||     1
 Abil: Dig               |     5 |     1 ||     6
  Eat: Chunk             |     6 |     1 ||     7
Armor: Leather armour    |    50 |     9 ||    59
Dodge: Dodged            |   111 |    30 ||   141
